Map: Rhoskallian LE

Players

Bronsted

  • Race: Zerg Zerg
  • League: Platinum
  • Spawn Location: 5:00

BrianMcGee

  • Race: Terran Terran
  • League: Diamond
  • Spawn Location: 6:00

Massa - Winner!

  • Race: Terran Terran
  • League: Platinum
  • Spawn Location: 11:00

qqq - Winner!

  • Race: Zerg Zerg
  • League: Platinum
  • Spawn Location: 12:00

VOD

Have the link to the VOD?

Description

Time

  • Played on: Nov. 29, 2020, 10:25 a.m.
  • Length: 25:23
Show
View Real Time Build Order
Export as new Build Order

Bronsted Zerg 

Build Orders: Hatch First 

Get SALT Encoding   

  12  0:01  Drone  
  13  0:13  Overlord  
  13  0:18  Drone  
  14  0:32  Drone x2  
  16  0:36  Drone  
  17  0:50  Drone  
  18  1:02  Hatchery  
  17  1:05  Drone  
  18  1:17  Extractor, Spawning Pool  
  16  1:23  Drone x2  
  18  1:29  Drone  
  19  1:42  Drone  
  20  1:52  Drone  
  21  1:58  Extractor  
  20  2:04  Drone  
  21  2:15  Drone x2  
  23  2:21  Queen  
  25  2:23  Lair  
  25  2:30  Overlord  
  25  2:34  Drone x2  
  27  2:45  Drone  
  28  2:55  Drone x3  
  31  3:03  Queen  
  31  3:04  Drone  
  34  3:26  Spire  
  33  3:30  Drone  
  33  3:31  Drone x2  
  33  3:33  Overlord x2  
  36  3:47  Extractor, Drone  
  36  3:48  Extractor, Drone  
  36  3:55  Zergling x2  
  36  3:56  Zergling x6  
  36  4:01  Spine Crawler  
  39  4:09  Drone  
  40  4:10  Drone  
  41  4:42  Mutalisk x5  
  51  4:46  Overlord  
  51  5:04  Queen x2  
  55  5:07  Drone x3  
  58  5:23  Drone x2  
  58  5:24  Overlord x3  
  60  5:34  Zerg Flyer Weapons Level 1  
  60  5:55  Mutalisk  
  60  5:56  Mutalisk x5  
  72  6:13  Drone x2  
  66  6:29  Hatchery  
  65  6:38  Metabolic Boost  
  65  6:59  Mutalisk x6  
  67  7:36  Mutalisk x5  
  61  7:43  Spore Crawler  
  68  7:44  Spore Crawler  
  68  7:46  Spore Crawler  
  68  7:48  Spore Crawler x2  
  68  7:50  Queen, Spore Crawler  
  65  8:00  Drone x4  
  65  8:01  Drone x6  
  65  8:02  Drone x2  
  65  8:04  Evolution Chamber  
  65  8:05  Evolution Chamber  
  75  8:17  Spore Crawler  
  72  8:20  Spore Crawler  
  71  8:31  Zerg Melee Weapons Level 1, Zerg Ground Armor Level 1  
  71  8:34  Zerg Flyer Weapons Level 2  
  71  8:41  Drone x3, Spire, Infestation Pit  
  71  8:42  Drone x5  
  77  9:00  Drone x4  
  81  9:16  Extractor  
  80  9:17  Extractor  
  80  9:21  Pneumatized Carapace  
  79  9:31  Baneling Nest  
  79  9:33  Hive  
  79  9:35  Drone x4  
  79  9:37  Overlord x7  
  82  10:02  Zerg Flyer Armor Level 1  
  82  10:10  Drone x5  
  82  10:11  Drone x10  
  91  10:32  Mutalisk  
  91  10:33  Mutalisk x5  
  89  10:51  Adrenal Glands  
  89  10:55  Mutalisk  
  91  10:58  Ultralisk Cavern  
  90  11:13  Hatchery  
  90  11:14  Overlord x5  
  89  11:44  Zerg Ground Armor Level 2, Zerg Melee Weapons Level 2  
  89  11:46  Hatchery  
  88  11:47  Anabolic Synthesis  
  84  12:24  Zergling x4  
  84  12:25  Zergling x26  
  84  12:29  Chitinous Plating  
  99  12:49  Mutalisk  
  101  12:56  Extractor  
  100  12:59  Extractor  
  98  13:16  Spore Crawler  
  97  13:20  Spore Crawler  
  97  13:25  Zergling x2  
  97  13:26  Zergling x48  
  97  13:27  Zergling x4  
  99  13:28  Centrifical Hooks  
  99  13:49  Ultralisk x5  
  99  13:51  Baneling  
  99  13:52  Baneling x7  
  99  13:53  Baneling x3  
  99  13:54  Baneling  
  129  13:56  Mutalisk x4  
  129  13:57  Mutalisk  
  139  14:27  Overseer x5  
  139  14:28  Overlord x3  
  139  14:29  Overlord  
  139  14:32  Zerg Melee Weapons Level 3, Zerg Ground Armor Level 3  
  107  15:23  Zergling x2  
  107  15:24  Zergling x48  
  132  15:38  Drone x4  
  136  15:54  Baneling  
  136  15:55  Baneling x4  
  136  15:59  Ultralisk x2  
  136  16:00  Ultralisk x3  
  141  16:34  Zergling x30  
  141  16:35  Zergling x18  
  152  16:55  Queen x3  
  152  16:56  Queen  
  160  17:06  Mutalisk x3  
  166  17:10  Overlord x3  
  166  17:11  Overlord  
  163  17:30  Ultralisk x3  
  163  17:31  Ultralisk x2  
  163  17:33  Overlord x3  
  158  18:13  Zergling x4  
  158  18:17  Extractor  
  158  18:18  Extractor, Queen x3  
  158  18:19  Queen x2  
  142  18:48  Zergling x2  
  142  18:49  Zergling x28  
  157  19:03  Overlord x5  
  157  19:05  Overseer x4  
  157  19:06  Overseer x3  
  157  19:20  Queen  
  145  19:44  Zergling x30  
  145  19:45  Zergling x14  
  110  20:11  Spore Crawler  
  110  20:12  Spore Crawler x3  
  105  20:24  Zergling x12  
  105  20:25  Zergling x18  
  99  20:37  Ultralisk x4  
  123  21:43  Overlord  
  123  21:44  Overlord x8  
  123  21:47  Ultralisk  
  123  21:48  Ultralisk x3  
  142  22:25  Zergling x2  
  142  22:26  Zergling x30  
  148  23:04  Zergling x28  
  148  23:05  Zergling x26  
  175  23:11  Zerg Missile Weapons Level 1  
  174  23:22  Overseer x2  
  174  23:23  Overseer x5  
  167  24:07  Ultralisk  
  167  24:08  Ultralisk x4  
  190  24:20  Overlord x4  
  188  24:26  Baneling x2  
  188  24:27  Baneling x3  
  158  24:44  Overlord x14  
  92  25:02  Zergling x2  
  92  25:03  Zergling x8, Overlord x2  
  92  25:04  Overlord  
Show
View Real Time Build Order
Export as new Build Order

BrianMcGee Terran 

Build Orders: Reaper Expand 

Get SALT Encoding   

  12  0:00  SCV  
  13  0:12  SCV  
  14  0:25  SCV, Supply Depot  
  15  0:47  SCV  
  15  0:48  Refinery  
  16  0:50  Barracks  
  16  0:59  SCV  
  17  1:22  Refinery  
  17  1:23  SCV  
  18  1:35  SCV  
  19  1:40  Command Center  
  19  1:44  Reaper  
  21  1:47  SCV  
  21  2:01  Orbital Command  
  21  2:07  Supply Depot  
  21  2:20  Marine  
  22  2:32  Factory  
  22  2:34  SCV  
  23  2:46  SCV, Marine  
  23  2:48  Supply Depot  
  25  3:12  Orbital Command  
  24  3:16  SCV  
  25  3:22  Starport  
  25  3:24  Factory Tech Lab  
  25  3:28  SCV  
  26  3:35  Refinery  
  26  3:38  Marine  
  26  3:40  SCV  
  28  3:52  Siege Tank  
  28  4:15  SCV  
  28  4:19  Liberator  
  30  4:24  Marine  
  31  4:33  SCV  
  31  4:35  Refinery  
  32  4:39  SCV  
  32  4:42  Marine  
  32  4:45  SCV  
  35  4:49  Siege Tank  
  35  4:52  SCV  
  39  4:57  SCV  
  40  5:01  Fusion Core  
  40  5:04  SCV  
  40  5:06  Supply Depot  
  41  5:09  SCV  
  42  5:16  SCV  
  42  5:17  Engineering Bay  
  43  5:21  SCV  
  43  5:26  Siege Tank  
  43  5:28  SCV  
  48  5:32  Starport Tech Lab  
  48  5:33  SCV  
  49  5:37  Starport  
  49  5:40  SCV  
  50  5:43  Marine  
  50  5:45  SCV  
  52  5:52  SCV  
  53  5:58  SCV  
  53  6:00  Marine  
  55  6:04  SCV  
  55  6:10  SCV  
  57  6:16  SCV  
  57  6:17  Starport Tech Lab  
  58  6:22  SCV  
  59  6:25  Missile Turret  
  59  6:26  Hi-Sec Auto Tracking  
  59  6:28  SCV  
  60  6:34  Supply Depot x2  
  60  6:42  SCV x2  
  60  6:46  Missile Turret  
  62  6:53  Missile Turret  
  62  6:55  Battlecruiser  
  62  6:57  Supply Depot  
  68  7:05  Command Center  
  68  7:07  SCV, Missile Turret  
  66  7:23  Battlecruiser  
  66  7:25  Missile Turret  
  66  7:26  Neosteel Armor  
  72  7:39  Missile Turret  
  72  7:40  Missile Turret  
  72  7:43  Armory  
  72  7:44  Armory  
  72  7:49  Missile Turret  
  72  7:51  Missile Turret  
  72  7:59  Widow Mine  
  72  8:04  Missile Turret  
  74  8:08  Missile Turret  
  74  8:09  Battlecruiser  
  74  8:11  Missile Turret  
  80  8:18  Refinery  
  80  8:20  Widow Mine  
  80  8:21  Orbital Command  
  82  8:30  Missile Turret  
  82  8:33  Terran Vehicle And Ship Armor Level 1, Terran Ship Weapons Level 1  
  82  8:35  Weapon Refit  
  82  8:43  Battlecruiser  
  82  8:47  Widow Mine  
  88  9:08  Factory  
  88  9:09  Widow Mine  
  90  9:12  Drilling Claws  
  90  9:15  Battlecruiser  
  96  9:33  Supply Depot  
  96  9:35  Supply Depot  
  96  9:36  Supply Depot  
  96  9:48  SCV x2  
  98  9:57  Supply Depot  
  98  10:00  SCV  
  98  10:04  Factory Reactor  
  98  10:06  Widow Mine  
  99  10:12  SCV  
  100  10:19  Supply Depot  
  100  10:20  Supply Depot  
  100  10:24  SCV  
  100  10:27  Widow Mine, Battlecruiser x2  
  115  10:29  Terran Ship Weapons Level 2  
  115  10:33  Terran Vehicle And Ship Armor Level 2  
  115  10:36  SCV  
  116  10:43  Supply Depot  
  116  10:44  Supply Depot  
  116  10:47  Missile Turret  
  120  10:50  Widow Mine x2  
  120  11:06  Supply Depot  
  120  11:08  Supply Depot  
  124  11:11  Widow Mine x2  
  124  11:32  Widow Mine  
  100  12:23  Battlecruiser x2  
  100  12:24  Widow Mine x3  
  112  12:40  Supply Depot  
  112  12:43  Supply Depot  
  112  12:44  Infernal Pre-Igniter  
  112  12:45  Widow Mine  
  112  12:46  Widow Mine x2  
  118  13:01  Refinery  
  118  13:03  SCV  
  119  13:07  Hellion x3, Supply Depot  
  125  13:15  SCV  
  124  13:27  SCV, Battlecruiser  
  124  13:28  Hellion x3  
  137  13:39  SCV  
  130  13:50  Hellion x3  
  128  14:11  Hellion  
  128  14:16  Battlecruiser  
  136  14:19  Hellion x2  
  146  14:31  Battlecruiser  
  146  14:33  Hellion  
  142  14:40  Hellion  
  144  14:58  Widow Mine x2  
  148  15:02  Widow Mine  
  150  15:19  Widow Mine x2  
  150  15:21  Battlecruiser  
  160  15:23  Widow Mine  
  160  15:35  Battlecruiser  
  144  16:25  Battlecruiser  
  138  16:40  Battlecruiser  
  138  17:10  Hellion x3  
  134  17:29  Battlecruiser  
  132  17:31  Hellion x2  
  132  17:32  Hellion  
  132  17:36  Starport  
  138  17:37  Starport  
  138  17:39  Starport, SCV  
  145  17:44  Battlecruiser  
  145  17:52  SCV  
  145  17:53  Hellion, Command Center  
  145  17:55  Command Center  
  148  18:04  SCV  
  129  18:16  SCV  
  122  18:28  SCV  
  122  18:31  Starport Tech Lab x2  
  122  18:33  Battlecruiser  
  129  18:36  Starport Tech Lab  
  129  18:42  Missile Turret  
  135  18:48  Battlecruiser  
  137  19:10  Battlecruiser x2  
  137  19:38  Battlecruiser  
  143  19:52  Battlecruiser  
  137  20:02  Orbital Command  
  113  20:50  Refinery  
  113  20:51  Refinery, SCV  
  114  20:59  Battlecruiser  
  114  21:02  Hellion x3  
  114  21:03  SCV  
  127  21:15  SCV  
  128  21:23  Hellion x3  
  122  21:44  Hellion  
  122  21:45  Hellion x2  
  122  21:49  Battlecruiser  
  112  22:06  Hellion  
  112  22:22  Terran Vehicle And Ship Armor Level 3  
  92  22:58  Battlecruiser  
  84  23:39  Command Center  
  57  24:18  Command Center, Siege Tank  
  57  24:19  Hellion x2  
  64  24:41  Hellion x2  
  74  24:50  Siege Tank  
Show
View Real Time Build Order
Export as new Build Order

Massa Terran - Winner!

Build Orders:  

Get SALT Encoding   

  12  0:00  SCV  
  13  0:12  SCV  
  14  0:22  Supply Depot  
  14  0:24  SCV  
  15  0:37  Refinery  
  15  0:44  SCV  
  15  0:45  Barracks  
  16  0:56  SCV  
  17  1:08  SCV  
  18  1:20  SCV  
  20  1:33  Reaper  
  20  1:36  Orbital Command  
  20  1:45  Command Center  
  20  2:07  Barracks Tech Lab  
  20  2:11  Factory  
  20  2:17  SCV  
  21  2:30  Reaper  
  22  2:46  Command Center  
  22  3:13  Orbital Command  
  22  3:15  SCV  
  23  3:21  Marauder  
  23  3:22  Stimpack  
  23  3:24  Factory Tech Lab  
  23  3:25  Barracks  
  26  3:27  SCV  
  26  3:29  Barracks  
  26  3:35  Engineering Bay  
  26  3:39  SCV  
  26  4:21  SCV x2  
  26  4:22  SCV  
  29  4:33  SCV  
  29  4:34  SCV  
  31  4:39  Marauder, Siege Tank  
  36  4:46  SCV x2  
  36  4:49  Missile Turret  
  36  4:52  Missile Turret  
  38  4:54  Refinery, Barracks Tech Lab, Barracks Reactor  
  38  4:58  SCV x2  
  40  5:00  Marauder  
  40  5:03  Refinery  
  40  5:05  Refinery  
  42  5:07  Command Center  
  42  5:10  Orbital Command, SCV  
  42  5:11  SCV  
  44  5:17  Marauder  
  44  5:21  Marine  
  47  5:22  Widow Mine  
  49  5:37  SCV x3, Marine  
  53  5:48  Missile Turret  
  53  5:53  Supply Depot x2  
  53  5:54  Supply Depot  
  53  6:03  Missile Turret  
  53  6:07  Missile Turret  
  53  6:08  Missile Turret  
  53  6:12  Missile Turret  
  53  6:14  Widow Mine, SCV x3, Marine, Missile Turret  
  54  6:26  SCV  
  54  6:32  Missile Turret  
  54  6:36  Widow Mine, SCV  
  54  6:37  SCV x2  
  54  6:38  SCV  
  59  6:44  Missile Turret  
  59  6:49  SCV x3  
  59  6:50  SCV  
  63  6:56  Marine  
  63  6:57  Marine x3  
  63  7:01  SCV  
  68  7:14  Marine x3  
  68  7:15  Marine  
  71  7:32  Marine x3  
  76  7:37  Marauder  
  76  7:38  Siege Tank  
  76  7:41  Refinery  
  76  7:43  Refinery  
  79  7:46  SCV x3  
  79  7:47  SCV  
  79  7:50  Marine x2  
  79  7:51  Marauder  
  89  7:58  SCV x3, Marauder  
  92  8:15  Combat Shield  
  92  8:17  Supply Depot  
  92  8:18  Supply Depot  
  92  8:19  Supply Depot  
  92  8:20  Supply Depot  
  92  8:21  Supply Depot  
  92  8:38  SCV, Siege Tank  
  92  8:39  SCV x3, Marauder x2, Marine x2  
  92  8:40  Supply Depot x2  
  105  8:43  Supply Depot  
  105  8:44  Supply Depot  
  105  8:45  Supply Depot  
  105  8:50  SCV, Armory  
  105  8:51  SCV x3  
  110  9:02  SCV  
  110  9:09  Terran Infantry Weapons Level 1  
  110  9:10  SCV x3  
  110  9:15  SCV  
  114  9:22  SCV x2  
  116  9:44  Thor  
  122  9:50  SCV x3  
  125  9:58  Engineering Bay  
  125  10:02  SCV x2  
  125  10:03  SCV  
  128  10:14  SCV x2  
  128  10:15  Marauder x2, Marine x2  
  136  10:22  Barracks  
  136  10:24  Barracks  
  136  10:26  Thor  
  142  10:29  Terran Infantry Armor Level 1, Barracks  
  142  10:31  Barracks, Terran Vehicle And Ship Armor Level 1  
  142  10:32  Marine  
  143  10:36  Marauder, Marine  
  143  10:37  Marauder  
  148  10:44  Planetary Fortress  
  148  10:46  SCV x2  
  148  10:47  SCV  
  151  10:50  Marine  
  151  10:54  Marine  
  153  10:57  Marauder  
  153  10:58  SCV x2, Marauder  
  153  10:59  SCV  
  153  11:02  Starport x2  
  160  11:05  Starport  
  160  11:06  Starport  
  160  11:08  Marine  
  160  11:11  SCV x3  
  164  11:12  Marine  
  164  11:13  Missile Turret  
  164  11:14  Missile Turret  
  164  11:17  Missile Turret  
  165  11:19  Marauder  
  165  11:20  Missile Turret  
  165  11:23  Barracks Reactor, Barracks Tech Lab x2  
  167  11:31  Barracks Tech Lab  
  167  11:34  Missile Turret  
  167  11:36  Missile Turret  
  167  11:38  Supply Depot  
  167  11:39  Supply Depot  
  167  11:40  Supply Depot  
  167  11:41  Terran Infantry Weapons Level 2, Missile Turret, Supply Depot  
  167  11:42  Supply Depot  
  167  11:43  Supply Depot  
  167  11:54  Starport Tech Lab x2, Starport Reactor x2  
  167  12:00  Thor  
  173  12:01  Missile Turret  
  173  12:03  Supply Depot  
  173  12:05  Supply Depot  
  173  12:07  Supply Depot  
  161  12:32  Viking x2  
  161  12:33  Medivac x2  
  161  12:34  Viking x2  
  161  12:36  Marauder x2  
  161  12:37  Marauder x3  
  183  12:38  Marine x3  
  186  12:44  Refinery  
  186  12:46  Refinery  
  186  12:58  Marauder x5  
  196  13:02  Medivac x2  
  200  13:08  Command Center  
  200  13:17  Command Center  
  188  14:20  Viking x4  
  188  14:21  Viking x2  
  192  14:50  Viking x2  
  196  14:58  Planetary Fortress  
  196  14:59  Planetary Fortress  
  190  15:17  Missile Turret x2  
  172  15:36  Marauder x5, Marine  
  172  15:37  Marine x3  
  172  15:39  Thor, Missile Turret  
  172  15:41  Missile Turret  
  190  15:54  Marine  
  190  15:55  Marine x3  
  194  15:57  Marauder  
  194  15:58  Marauder x4  
  194  16:01  Missile Turret  
  194  16:03  Missile Turret  
  200  16:16  Sensor Tower  
  200  16:23  Factory  
  187  16:25  Factory  
  125  16:42  Marauder x5  
  125  16:43  Marine x4  
  139  17:01  Marine x4  
  140  17:03  Marauder  
  140  17:04  Marauder x4  
  153  17:18  Marine  
  153  17:19  Marine x3  
  154  17:25  Marauder x5  
  164  17:31  Factory Tech Lab  
  164  17:32  Factory Tech Lab  
  164  17:36  Marine  
  165  17:37  Marine x3  
  168  17:44  Terran Infantry Armor Level 2  
  168  17:45  Terran Infantry Weapons Level 3  
  168  17:46  Marauder x3  
  168  17:47  Marauder x2  
  178  17:54  Marine  
  167  18:07  Marauder  
  167  18:08  Marauder x4  
  137  18:24  Thor x3  
  137  18:26  Marine x2  
  127  18:27  Marine x2  
  127  18:29  Marauder x5  
  127  18:30  SCV x4  
  127  18:32  SCV  
  144  18:42  SCV x3  
  144  18:44  Marine x4  
  152  18:50  Marauder  
  152  18:51  Marauder x4  
  160  18:59  Command Center  
  160  19:02  Marine x4  
  160  19:07  Thor x3  
  174  19:11  Medivac x5  
  174  19:12  Marauder x5, Viking  
  196  19:19  Marine  
  196  19:20  Marine x3  
  196  19:23  Terran Vehicle Weapons Level 1  
  200  19:26  Concussive Shells  
  200  19:28  Armory  
  200  19:38  Marine x2  
  196  19:41  Medivac, Viking  
  196  19:42  Medivac  
  184  19:49  Thor  
  163  19:56  Marauder, Marine x2  
  163  19:57  Marauder x4, Marine x2  
  177  20:00  Thor x2  
  189  20:09  Missile Turret  
  189  20:10  Missile Turret x2  
  189  20:12  Missile Turret  
  189  20:13  Marine  
  189  20:14  Marine  
  191  20:18  Marauder x4  
  171  20:31  Marauder, Marine  
  171  20:32  Marine x2, Thor  
  174  20:39  Marauder  
  174  20:40  Marauder x3  
  182  20:43  Thor x2, Medivac x2  
  182  20:45  Marine  
  199  20:51  Planetary Fortress  
  199  21:18  Command Center  
  198  21:39  Marauder  
  171  22:18  Marauder x5, Marine x2  
  178  22:24  Marine x2  
  178  22:27  Thor x3  
  194  22:39  Marauder  
  194  22:40  Marauder x2  
  165  22:57  Marauder x2, Marine  
  152  23:00  Marauder  
  152  23:01  Marauder x2  
  158  23:17  Smart Servos  
  158  23:19  Drilling Claws  
  158  23:39  Refinery  
  158  23:41  Refinery  
  158  23:52  Command Center, Missile Turret  
  158  23:53  Missile Turret  
  158  23:56  Missile Turret  
  158  23:57  Missile Turret  
  158  23:58  Missile Turret x2  
  146  24:17  Medivac x3  
  99  24:47  Medivac x2  
  103  24:55  Marauder x3  
  103  24:56  Marauder x2, Marine x4  
  107  25:05  Command Center  
  95  25:08  Missile Turret x2  
  95  25:10  Missile Turret  
Show
View Real Time Build Order
Export as new Build Order

qqq Zerg - Winner!

Build Orders: Hatch First, Lurkers 

Get SALT Encoding   

  12  0:03  Drone  
  13  0:09  Drone  
  14  0:25  Overlord  
  14  0:47  Hatchery  
  13  0:51  Drone  
  13  0:55  Drone  
  15  0:57  Drone  
  16  1:05  Drone  
  16  1:08  Extractor  
  16  1:18  Drone  
  17  1:26  Spawning Pool  
  16  1:33  Drone  
  17  1:42  Drone  
  18  1:52  Drone  
  19  2:10  Drone  
  19  2:12  Overlord  
  20  2:19  Drone  
  20  2:20  Drone, Queen  
  23  2:24  Queen  
  23  2:27  Drone  
  26  2:35  Zergling x2  
  26  2:36  Zergling x2  
  28  2:42  Drone x2  
  30  2:53  Drone  
  31  3:08  Drone  
  31  3:10  Drone x3  
  35  3:18  Lair  
  35  3:21  Extractor, Drone  
  35  3:26  Drone  
  36  3:29  Overlord  
  36  3:36  Hatchery  
  35  3:47  Drone  
  36  3:49  Overlord  
  36  3:56  Drone x2  
  38  4:03  Drone  
  38  4:04  Zergling x4  
  41  4:16  Pneumatized Carapace  
  41  4:18  Drone x2  
  43  4:29  Zergling x2  
  43  4:30  Zergling x6  
  47  4:36  Hatchery, Hydralisk Den  
  45  4:39  Drone  
  45  4:40  Drone x3, Spire  
  48  4:46  Baneling Nest  
  47  4:54  Drone  
  47  4:56  Drone x3  
  47  4:58  Extractor  
  50  5:00  Extractor, Overlord  
  49  5:09  Overseer  
  49  5:15  Drone  
  49  5:18  Overlord  
  49  5:21  Queen  
  52  5:33  Hydralisk  
  54  5:36  Lurker Den  
  54  5:39  Drone, Overlord  
  54  5:40  Drone x4  
  54  5:41  Drone x4  
  62  5:45  Hydralisk  
  62  5:52  Mutalisk, Spore Crawler  
  58  6:03  Spore Crawler  
  55  6:08  Drone x4  
  57  6:13  Mutalisk  
  59  6:23  Mutalisk  
  59  6:24  Mutalisk  
  63  6:35  Drone x4  
  67  6:40  Spore Crawler  
  61  6:54  Spore Crawler  
  61  6:59  Mutalisk x3  
  64  7:08  Drone x3  
  67  7:22  Mutalisk x2  
  71  7:37  Zerg Flyer Weapons Level 1  
  71  7:38  Drone  
  72  7:46  Hydralisk, Muscular Augments  
  72  7:47  Drone x2  
  72  7:48  Drone  
  77  8:04  Drone x3  
  80  8:06  Overlord x2  
  80  8:08  Overlord  
  75  8:20  Mutalisk  
  73  8:27  Metabolic Boost  
  73  8:32  Drone  
  73  8:33  Drone x2  
  74  8:34  Mutalisk  
  74  8:38  Mutalisk  
  78  8:43  Mutalisk  
  78  8:45  Drone x4  
  78  8:46  Drone  
  78  8:47  Spore Crawler  
  84  8:49  Spore Crawler  
  84  8:50  Queen  
  85  8:57  Hydralisk x2  
  85  8:59  Drone x3  
  85  9:02  Lurker  
  92  9:03  Queen  
  94  9:13  Infestation Pit  
  93  9:17  Overseer  
  93  9:31  Drone x6  
  99  9:51  Overlord x2  
  99  9:52  Overlord x7  
  99  10:09  Extractor  
  99  10:10  Extractor  
  99  10:11  Extractor x2  
  95  10:18  Hive  
  93  10:22  Mutalisk x3  
  93  10:23  Mutalisk  
  93  10:24  Drone x6  
  104  10:33  Mutalisk x2  
  109  10:35  Drone x2  
  109  10:39  Zergling x4  
  112  10:56  Corruptor x3  
  118  11:11  Drone x2  
  118  11:12  Drone x3  
  118  11:17  Hatchery  
  122  11:21  Drone x4  
  122  11:23  Hatchery  
  122  11:25  Hatchery  
  124  11:30  Drone  
  125  11:36  Mutalisk, Zergling x4  
  125  11:37  Corruptor x4  
  137  11:44  Viper  
  135  11:54  Spire  
  130  11:55  Spore Crawler  
  130  11:56  Spore Crawler  
  93  12:13  Viper x3  
  93  12:14  Overlord x6  
  93  12:15  Drone x3  
  92  12:40  Drone x2  
  92  12:43  Drone x2  
  92  12:44  Drone x3  
  99  12:48  Drone x5  
  104  13:01  Drone x5  
  104  13:02  Drone  
  104  13:04  Spore Crawler  
  104  13:05  Spore Crawler  
  108  13:06  Spore Crawler x2  
  108  13:11  Hydralisk x4  
  108  13:12  Hydralisk x2  
  116  13:16  Baneling  
  116  13:17  Baneling x4  
  115  13:25  Drone x8  
  115  13:26  Drone x3  
  114  13:27  Corruptor  
  116  13:40  Corruptor  
  101  13:41  Corruptor x2  
  101  13:42  Corruptor x8  
  119  13:52  Lurker x4  
  100  14:20  Drone x6  
  100  14:21  Drone x8  
  100  14:22  Drone x4  
  113  14:31  Drone x2  
  113  14:32  Drone  
  113  14:35  Drone  
  114  14:45  Spawning Pool  
  113  14:50  Hydralisk Den  
  113  14:51  Drone x2  
  113  14:52  Drone x4, Ultralisk Cavern  
  117  15:03  Mutalisk x4  
  117  15:04  Mutalisk  
  117  15:05  Mutalisk  
  115  15:37  Seismic Spines  
  115  15:38  Hydralisk x3  
  115  15:41  Zergling x6  
  115  15:42  Drone x6  
  130  15:43  Drone x6  
  136  15:54  Hydralisk x2  
  136  15:56  Drone x4  
  144  15:58  Extractor  
  144  15:59  Extractor  
  144  16:00  Spine Crawler x2  
  144  16:03  Spine Crawler  
  138  16:07  Drone  
  138  16:08  Drone  
  138  16:09  Drone x2  
  142  16:13  Lair  
  142  16:15  Anabolic Synthesis  
  139  16:23  Evolution Chamber  
  139  16:24  Evolution Chamber  
  122  16:37  Hydralisk x4  
  122  16:38  Hydralisk x2  
  122  16:39  Drone  
  136  16:40  Drone x8  
  137  16:55  Spine Crawler  
  137  16:57  Drone  
  137  16:58  Drone x2, Spine Crawler, Chitinous Plating  
  137  16:59  Spine Crawler  
  137  17:00  Spine Crawler x2  
  135  17:01  Spine Crawler  
  135  17:03  Extractor  
  135  17:05  Extractor  
  135  17:06  Spine Crawler x2  
  130  17:09  Lurker x3  
  112  17:33  Lurker x2  
  105  17:40  Corruptor  
  105  17:42  Drone x4  
  111  17:44  Drone x2  
  113  18:09  Zerg Missile Weapons Level 1  
  113  18:10  Zerg Ground Armor Level 1  
  113  18:21  Corruptor  
  113  18:22  Corruptor x2  
  113  18:23  Drone x3  
  113  18:24  Drone x3  
  125  18:30  Spine Crawler  
  124  18:38  Hatchery  
  123  18:41  Corruptor x2  
  123  18:42  Corruptor  
  129  18:50  Corruptor x2  
  121  19:08  Overseer x2, Corruptor x2  
  125  19:10  Drone x3  
  125  19:11  Drone x3  
  131  19:23  Queen  
  133  19:26  Queen  
  132  19:31  Hatchery  
  124  19:58  Drone x6  
  124  19:59  Queen  
  123  20:27  Corruptor x7  
  123  20:29  Hydralisk x2  
  123  20:32  Drone x6  
  133  20:42  Corruptor x3  
  131  20:49  Drone  
  136  20:50  Hatchery  
  136  20:52  Corruptor x3  
  136  20:55  Zerg Flyer Weapons Level 2  
  141  21:00  Zerg Missile Weapons Level 2  
  141  21:02  Drone x4  
  145  21:08  Corruptor  
  134  21:25  Spore Crawler  
  130  21:30  Corruptor x3  
  132  21:33  Corruptor  
  133  21:44  Corruptor x2  
  136  21:59  Corruptor x2  
  139  22:02  Extractor, Spine Crawler  
  139  22:05  Extractor  
  132  22:09  Hydralisk x3  
  132  22:11  Spore Crawler  
  132  22:12  Spine Crawler  
  136  22:19  Lurker Den  
  135  22:25  Corruptor  
  135  22:27  Drone x3  
  136  22:44  Corruptor x3  
  136  22:46  Drone  
  136  22:47  Hydralisk x2  
  139  23:04  Drone x2  
  140  23:06  Spine Crawler  
  140  23:08  Spine Crawler  
  138  23:14  Spine Crawler  
  138  23:15  Zerg Flyer Armor Level 1  
  137  23:21  Zergling x8  
  137  23:22  Zergling x14  
  148  23:40  Lurker x3  
  146  23:42  Overlord x5  
  121  24:07  Hydralisk x7  
  132  24:11  Zergling x8  
  132  24:12  Zergling x2  
  132  24:45  Mutalisk  
  132  24:46  Mutalisk  
  139  24:59  Zergling x2  
  140  25:00  Zergling x16  
  140  25:01  Zergling x2  
  142  25:20  Hatchery  
Tags
 
Add a new tag
Caveats
  • Supply blocks, unpowered buildings, or Contaminate may cause inaccurate times.
  • Supply counts are checked every 10 seconds.